| TOP OF THE 1ST |
|
Durango Desert Dogs batting - Pitching for Acapulco Locos : LHP Jordan Salaiz
|
|
Pitching: LHP Jordan Salaiz
|
|
|
Batting: RHB Nick Capra
|
0-0: Bunt for hit to 2L - play at first, batter safe!
|
|
Batting: RHB Rusty Tillman
|
0-0: Ball 1-0: Called Strike 1-1: Foul Ball, location: 2F 1-2: Ball 2-2: Ball 3-2: Hit by Pitch Nick Capra to second
|
|
Batting: LHB Greg Brock
|
0-0: Ball 1-0: Ball 2-0: Fly out, F7 (Flyball, 7, EV 82.5 MPH)
|
|
Batting: RHB Dave Edler
|
0-0: Ball 1-0: Ball 2-0: Ball 3-0: Base on Balls Nick Capra to third Rusty Tillman to second
|
|
Batting: LHB Eric Attaway
|
0-0: Called Strike 0-1: Fly out, F3 (Popup, 23F, EV 85.6 MPH)
|
|
Batting: RHB John Guarino
|
0-0: Ball 1-0: Called Strike 1-1: Ball 2-1: Foul Ball, location: 2F 2-2: Ball 3-2: Foul Ball, location: 2F 3-2: Base on Balls Nick Capra scores Rusty Tillman to third Dave Edler to second
|
|
Batting: SHB Mike D Young
|
0-0: Called Strike 0-1: Foul Ball, location: 2F 0-2: Foul Ball, location: 2F 0-2: Fly out, F8 (Flyball, 89S, EV 87.5 MPH)
|
| Top of the 1st over - 1 run, 1 hit, 0 errors, 3 left on base; Durango 1 - Acapulco 0 |
| BOTTOM OF THE 1ST |
|
Acapulco Locos batting - Pitching for Durango Desert Dogs : RHP Luis Machado
|
|
Pitching: RHP Luis Machado
|
|
|
Batting: RHB Heriberto Valdez
|
0-0: SINGLE (Groundball, 6MD, EV 96.3 MPH)
|
|
Batting: RHB Ray Smith
|
0-0: Ball 1-0: Called Strike 1-1: Ball 2-1: Grounds into double play, 6-4-3 (Groundball, 6S, EV 87.5 MPH)
|
|
Batting: RHB Dan Gladden
|
0-0: Called Strike 0-1: Ball 1-1: Ball 2-1: SINGLE (Groundball, 6D, EV 96.9 MPH)
|
|
Batting: LHB Manny Leal
|
0-0: Ball 1-0: Swinging Strike 1-1: Called Strike 1-2: Ball 2-2: Strikes out swinging
|
| Bottom of the 1st over - 0 runs, 2 hits, 0 errors, 1 left on base; Durango 1 - Acapulco 0 |
| TOP OF THE 2ND |
|
Durango Desert Dogs batting - Pitching for Acapulco Locos : LHP Jordan Salaiz
|
|
Batting: LHB Jeffrey Zitek
|
0-0: Called Strike 0-1: Called Strike 0-2: Foul Ball, location: 2F 0-2: Strikes out looking
|
|
Batting: LHB Michael Shinn
|
0-0: Called Strike 0-1: Ball 1-1: Ball 2-1: Fly out, F7 (Flyball, 7D, EV 88.1 MPH)
|
|
Batting: RHB Nick Capra
|
0-0: SINGLE (Line Drive, 78S, EV 95.0 MPH)
|
|
Batting: RHB Rusty Tillman
|
0-0: Fly out, F7 (Line Drive, 7S, EV 89.4 MPH)
|
| Top of the 2nd over - 0 runs, 1 hit, 0 errors, 1 left on base; Durango 1 - Acapulco 0 |
| BOTTOM OF THE 2ND |
|
Acapulco Locos batting - Pitching for Durango Desert Dogs : RHP Luis Machado
|
|
Batting: RHB Michael Ventress
|
0-0: Foul Ball, location: 2F 0-1: Foul Ball, location: 2F 0-2: Ball 1-2: Ground out 1-3 (Groundball, 15S, EV 73.8 MPH)
|
|
Batting: RHB Kurt Kingsolver
|
0-0: Fly out, F9 (Flyball, 9, EV 83.8 MPH)
|
|
Batting: LHB Jeff Smith
|
0-0: SINGLE (Flyball, 78S, EV 96.3 MPH)
|
|
Batting: RHB Alex Sanchez
|
0-0: Ball 1-0: Called Strike 1-1: Foul Ball, location: 2F 1-2: Foul Ball, location: 2F 1-2: SINGLE (Groundball, 34D, EV 97.5 MPH) Jeff Smith to second Runner from 2nd tries for 3rd, SAFE, throw by RF made to third
|
|
Batting: RHB Ramon Lora
|
0-0: Called Strike 0-1: Foul Ball, location: 2F 0-2: Ball 1-2: Strikes out swinging
|
| Bottom of the 2nd over - 0 runs, 2 hits, 0 errors, 2 left on base; Durango 1 - Acapulco 0 |
| TOP OF THE 3RD |
|
Durango Desert Dogs batting - Pitching for Acapulco Locos : LHP Jordan Salaiz
|
|
Batting: LHB Greg Brock
|
0-0: Called Strike 0-1: Ground out 4-3 (Groundball, 4M, EV 92.5 MPH)
|
|
Batting: RHB Dave Edler
|
0-0: Called Strike 0-1: Ball 1-1: SINGLE (Line Drive, 8LS, EV 98.1 MPH)
|
|
Batting: LHB Eric Attaway
|
0-0: Foul Ball, location: 2F 0-1: Called Strike 0-2: Ball 1-2: Fielders Choice at 2nd, 6-4 (Groundball, 56, EV 95.6 MPH)
|
|
Batting: RHB John Guarino
|
0-0: Fielders Choice at 2nd, 6-4 (Groundball, 6, EV 90.6 MPH)
|
| Top of the 3rd over - 0 runs, 1 hit, 0 errors, 1 left on base; Durango 1 - Acapulco 0 |
| BOTTOM OF THE 3RD |
|
Acapulco Locos batting - Pitching for Durango Desert Dogs : RHP Luis Machado
|
|
Batting: RHB Heriberto Valdez
|
0-0: Called Strike 0-1: Ball 1-1: Fly out, F3 (Popup, 3S, EV 70.0 MPH)
|
|
Batting: RHB Ray Smith
|
0-0: Ground out 6-3 (Groundball, 6S, EV 80.6 MPH)
|
|
Batting: RHB Dan Gladden
|
0-0: Ball 1-0: Ball 2-0: Swinging Strike 2-1: Ball 3-1: Base on Balls
|
|
Batting: LHB Manny Leal
|
0-0: Fielders Choice at 2nd, 6-4 (Groundball, 6, EV 99.4 MPH)
|
| Bottom of the 3rd over - 0 runs, 0 hits, 0 errors, 1 left on base; Durango 1 - Acapulco 0 |
| TOP OF THE 4TH |
|
Durango Desert Dogs batting - Pitching for Acapulco Locos : LHP Jordan Salaiz
|
|
Batting: SHB Mike D Young
|
0-0: Foul Ball, location: 2F 0-1: Called Strike 0-2: Ball 1-2: Fly out, F9 (Flyball, 9S, EV 85.6 MPH)
|
|
Batting: LHB Jeffrey Zitek
|
0-0: Foul Ball, location: 2F 0-1: Called Strike 0-2: Ball 1-2: Foul Ball, location: 2F 1-2: Ball 2-2: Ball 3-2: Base on Balls
|
|
Batting: LHB Michael Shinn
|
0-0: Called Strike 0-1: Fly out, F8 (Flyball, 89D, EV 101.3 MPH)
|
|
Batting: RHB Nick Capra
|
0-0: Fly out, F8 (Line Drive, 8LD, EV 83.8 MPH)
|
| Top of the 4th over - 0 runs, 0 hits, 0 errors, 1 left on base; Durango 1 - Acapulco 0 |
| BOTTOM OF THE 4TH |
|
Acapulco Locos batting - Pitching for Durango Desert Dogs : RHP Luis Machado
|
|
Batting: RHB Michael Ventress
|
0-0: Ball 1-0: Ball 2-0: Called Strike 2-1: Ground out U3 (Groundball, 3, EV 106.3 MPH)
|
|
Batting: RHB Kurt Kingsolver
|
0-0: Called Strike 0-1: Foul Ball, location: 2F 0-2: Strikes out swinging
|
|
Batting: LHB Jeff Smith
|
0-0: Ball 1-0: Foul Ball, location: 2F 1-1: Swinging Strike 1-2: Ball 2-2: Ball 3-2: Base on Balls
|
|
Batting: RHB Alex Sanchez
|
0-0: Called Strike 0-1: Foul Ball, location: 2F 0-2: Ball 1-2: Foul Ball, location: 2F 1-2: Ball 2-2: SINGLE (Groundball, 4MD, EV 96.9 MPH) Jeff Smith to second
|
|
Batting: RHB Ramon Lora
|
0-0: Called Strike 0-1: Ball 1-1: Foul Ball, location: 2F 1-2: Strikes out swinging
|
| Bottom of the 4th over - 0 runs, 1 hit, 0 errors, 2 left on base; Durango 1 - Acapulco 0 |
| TOP OF THE 5TH |
|
Durango Desert Dogs batting - Pitching for Acapulco Locos : LHP Jordan Salaiz
|
|
Batting: RHB Rusty Tillman
|
0-0: Foul Ball, location: 2F 0-1: Ball 1-1: Ball 2-1: Ball 3-1: Foul Ball, location: 2F 3-2: Base on Balls
|
|
Batting: LHB Greg Brock
|
0-0: Ball Rusty Tillman steals 2nd base 1-0: Fly out, F8 (Flyball, 8RM, EV 80.0 MPH)
|
|
Batting: RHB Dave Edler
|
0-0: Called Strike Rusty Tillman steals 3rd base 0-1: Foul Ball, location: 2F 0-2: Foul Ball, location: 2F 0-2: Foul Ball, location: 2F 0-2: Ball 1-2: 2-RUN HOME RUN (Flyball, 78XD, EV 100.6 MPH), Distance : 417 ft
|
|
Batting: LHB Eric Attaway
|
0-0: Ball 1-0: Fly out, F9 (Flyball, 89M, EV 83.1 MPH)
|
|
Batting: RHB John Guarino
|
0-0: Called Strike 0-1: Ball 1-1: Ball 2-1: Foul Ball, location: 2F 2-2: Foul Ball, location: 2F 2-2: Ball 3-2: Base on Balls
|
|
Batting: SHB Mike D Young
|
0-0: SINGLE (Line Drive, 78M, EV 97.5 MPH) John Guarino to second
|
|
Batting: LHB Jeffrey Zitek
|
0-0: Ball 1-0: Foul Ball, location: 2F 1-1: Ball 2-1: Swinging Strike 2-2: Fielders Choice at 2nd, 6-4 (Groundball, 6, EV 85.6 MPH)
|
| Top of the 5th over - 2 runs, 2 hits, 0 errors, 2 left on base; Durango 3 - Acapulco 0 |
| BOTTOM OF THE 5TH |
|
Acapulco Locos batting - Pitching for Durango Desert Dogs : RHP Luis Machado
|
|
Batting: RHB Heriberto Valdez
|
0-0: Ball 1-0: Ball 2-0: Foul Ball, location: 2F 2-1: Ball 3-1: Swinging Strike 3-2: Base on Balls
|
|
Batting: RHB Ray Smith
|
0-0: Ball 1-0: Swinging Strike 1-1: Called Strike 1-2: Foul Ball, location: 2F 1-2: Ball 2-2: Foul Ball, location: 2F 2-2: Strikes out swinging
|
|
Batting: RHB Dan Gladden
|
0-0: Foul Ball, location: 2F 0-1: Fielders Choice at 2nd, 5-4 (Groundball, 56S, EV 87.5 MPH)
|
|
Batting: LHB Manny Leal
|
0-0: Ball 1-0: Foul Ball, location: 2F 1-1: Ground out 1-3 (Groundball, 15S, EV 70.6 MPH)
|
| Bottom of the 5th over - 0 runs, 0 hits, 0 errors, 1 left on base; Durango 3 - Acapulco 0 |
| TOP OF THE 6TH |
|
Durango Desert Dogs batting - Pitching for Acapulco Locos : LHP Jordan Salaiz
|
|
Batting: LHB Michael Shinn
|
0-0: Called Strike 0-1: Ball 1-1: Ball 2-1: Ball 3-1: Base on Balls
|
|
Batting: RHB Nick Capra
|
0-0: Ball 1-0: Foul Ball, location: 2F 1-1: Called Strike 1-2: Foul Ball, location: 2F 1-2: Ball 2-2: Ball 3-2: Foul Ball, location: 2F 3-2: Grounds into double play, 4-6-3 (Groundball, 4M, EV 82.5 MPH)
|
|
Batting: RHB Rusty Tillman
|
0-0: Fly out, F4 (Popup, 34S, EV 79.4 MPH)
|
| Top of the 6th over - 0 runs, 0 hits, 0 errors, 0 left on base; Durango 3 - Acapulco 0 |
| BOTTOM OF THE 6TH |
|
Acapulco Locos batting - Pitching for Durango Desert Dogs : RHP Luis Machado
|
|
Batting: RHB Michael Ventress
|
0-0: Called Strike 0-1: Ball 1-1: Ball 2-1: Ground out 6-3 (Groundball, 6, EV 83.8 MPH)
|
|
Batting: RHB Kurt Kingsolver
|
0-0: Ball 1-0: Called Strike 1-1: Ball 2-1: Foul Ball, location: 2F 2-2: Ball 3-2: Foul Ball, location: 2F 3-2: Base on Balls
|
|
Batting: LHB Jeff Smith
|
0-0: Ball 1-0: Ball 2-0: Fly out, F8 (Flyball, 8LM, EV 78.1 MPH)
|
|
Batting: RHB Alex Sanchez
|
0-0: Ball Kurt Kingsolver is caught stealing 2nd base 2-4
|
| Bottom of the 6th over - 0 runs, 0 hits, 0 errors, 0 left on base; Durango 3 - Acapulco 0 |
| TOP OF THE 7TH |
|
Durango Desert Dogs batting - Pitching for Acapulco Locos : LHP Jordan Salaiz
|
|
Batting: LHB Greg Brock
|
0-0: Fly out, F5 (Popup, 25F, EV 72.5 MPH)
|
|
Batting: RHB Dave Edler
|
0-0: Called Strike 0-1: Swinging Strike 0-2: Ball 1-2: Ball 2-2: Foul Ball, location: 2F 2-2: Ball 3-2: Fly out, F8 (Flyball, 8RXD, EV 100.6 MPH)
|
|
Batting: LHB Eric Attaway
|
0-0: SOLO HOME RUN (Flyball, 9D, EV 101.9 MPH), Distance : 376 ft
|
|
Batting: RHB John Guarino
|
0-0: Ball 1-0: Foul Ball, location: 2F 1-1: SINGLE (Flyball, 7S, EV 90.0 MPH)
|
|
Batting: SHB Mike D Young
|
0-0: Ball 1-0: Called Strike 1-1: Ball 2-1: Called Strike 2-2: Foul Ball, location: 2F 2-2: Ball 3-2: Foul Ball, location: 2F 3-2: SINGLE (Groundball, 34D, EV 105.0 MPH) John Guarino to second John Guarino to third
|
|
Pitching: RHP Alexis Roselli
|
|
|
Batting: LHB Jeffrey Zitek
|
0-0: Ball 1-0: Foul Ball, location: 2F 1-1: Ball 2-1: Ball 3-1: Ground out U3 (Groundball, 3, EV 108.1 MPH)
|
| Top of the 7th over - 1 run, 3 hits, 0 errors, 2 left on base; Durango 4 - Acapulco 0 |
| BOTTOM OF THE 7TH |
|
Acapulco Locos batting - Pitching for Durango Desert Dogs : RHP Luis Machado
|
|
Pitching: RHP Larry Buckle
|
|
|
Batting: RHB Alex Sanchez
|
0-0: Swinging Strike 0-1: Foul Ball, location: 2F 0-2: Ball 1-2: Foul Ball, location: 2F 1-2: Ball 2-2: Strikes out swinging
|
|
Batting: RHB Ramon Lora
|
0-0: Ball 1-0: Called Strike 1-1: Ball 2-1: Ground out 4-3 (Groundball, 4, EV 80.0 MPH)
|
|
Batting: RHB Heriberto Valdez
|
0-0: Called Strike 0-1: Ground out 6-3 (Groundball, 6M, EV 103.8 MPH)
|
| Bottom of the 7th over - 0 runs, 0 hits, 0 errors, 0 left on base; Durango 4 - Acapulco 0 |
| TOP OF THE 8TH |
|
Durango Desert Dogs batting - Pitching for Acapulco Locos : RHP Alexis Roselli
|
|
Batting: LHB Michael Shinn
|
0-0: Called Strike 0-1: Swinging Strike 0-2: Strikes out swinging
|
|
Batting: RHB Nick Capra
|
0-0: Ball 1-0: Ground out U3 (Groundball, 34S, EV 67.5 MPH)
|
|
Batting: RHB Rusty Tillman
|
0-0: Ground out 6-3 (Groundball, 6, EV 85.6 MPH)
|
| Top of the 8th over - 0 runs, 0 hits, 0 errors, 0 left on base; Durango 4 - Acapulco 0 |
| BOTTOM OF THE 8TH |
|
Acapulco Locos batting - Pitching for Durango Desert Dogs : RHP Larry Buckle
|
|
Batting: RHB Ray Smith
|
0-0: Ball 1-0: Ground out 5-3 (Groundball, 5L, EV 99.4 MPH)
|
|
Batting: RHB Dan Gladden
|
0-0: Foul Ball, location: 2F 0-1: Ground out 4-3 (Groundball, 4, EV 86.9 MPH)
|
|
Batting: LHB Manny Leal
|
0-0: Ball 1-0: Ball 2-0: Called Strike 2-1: Fly out, F7 (Flyball, 78S, EV 88.8 MPH)
|
| Bottom of the 8th over - 0 runs, 0 hits, 0 errors, 0 left on base; Durango 4 - Acapulco 0 |
| TOP OF THE 9TH |
|
Durango Desert Dogs batting - Pitching for Acapulco Locos : RHP Alexis Roselli
|
|
Batting: LHB Greg Brock
|
0-0: Ball 1-0: Ball 2-0: Foul Ball, location: 2F 2-1: Foul Ball, location: 2F 2-2: Foul Ball, location: 2F 2-2: Ball 3-2: Base on Balls
|
|
Batting: RHB Dave Edler
|
0-0: Swinging Strike 0-1: Ball 1-1: SINGLE (Groundball, 4MD, EV 96.9 MPH) Greg Brock to second
|
|
Batting: LHB Eric Attaway
|
0-0: Called Strike 0-1: Foul Ball, location: 2F 0-2: Ball 1-2: Ball 2-2: Fly out, F9 (Flyball, 9S, EV 88.8 MPH)
|
|
Batting: RHB John Guarino
|
0-0: Ball 1-0: Called Strike 1-1: Ball 2-1: Ball 3-1: Base on Balls Greg Brock to third Dave Edler to second
|
|
Batting: SHB Mike D Young
|
0-0: Ball 1-0: Ball 2-0: Ball 3-0: Base on Balls Greg Brock scores Dave Edler to third John Guarino to second
|
|
Batting: LHB Jeffrey Zitek
|
0-0: Reached on error, E4 (Groundball, 4, EV 81.9 MPH) Dave Edler scores John Guarino to third Mike D Young to second
|
|
Batting: LHB Michael Shinn
|
0-0: Fielders Choice at 2nd, 4-6 (Groundball, 4, EV 75.6 MPH) John Guarino scores Mike D Young to third
|
|
Pinch Hitting: RHB James Beihl
|
0-0: Ball 1-0: Called Strike 1-1: SINGLE (Groundball, 6, EV 85.0 MPH) (infield hit) Mike D Young scores Michael Shinn to second
|
|
Pinch Hitting: SHB Keith Spreckels
|
0-0: Called Strike 0-1: Ball 1-1: Ball 2-1: Swinging Strike 2-2: Ball 3-2: Base on Balls Michael Shinn to third James Beihl to second
|
|
Pinch Hitting: SHB John Moses
|
0-0: Foul Ball, location: 2F 0-1: Foul Ball, location: 2F 0-2: Ball 1-2: Ball 2-2: Ball 3-2: Foul Ball, location: 2F 3-2: Strikes out swinging
|
| Top of the 9th over - 4 runs, 2 hits, 1 error, 3 left on base; Durango 8 - Acapulco 0 |
| BOTTOM OF THE 9TH |
|
Acapulco Locos batting - Pitching for Durango Desert Dogs : RHP Larry Buckle
|
|
Now at 1B: Randy S Johnson
|
|
|
Now at 2B: James Beihl
|
|
|
Now in LF: John Moses
|
|
|
Batting: RHB Michael Ventress
|
0-0: Foul Ball, location: 2F 0-1: Foul Ball, location: 2F 0-2: Ball 1-2: Ball 2-2: Ground out 1-3 (Groundball, 15S, EV 69.4 MPH)
|
|
Batting: RHB Kurt Kingsolver
|
0-0: Called Strike 0-1: Swinging Strike 0-2: Ball 1-2: Ground out 6-3 (Groundball, 56, EV 105.0 MPH)
|
|
Batting: LHB Jeff Smith
|
0-0: Ball 1-0: Ball 2-0: Called Strike 2-1: Foul Ball, location: 2F 2-2: Foul Ball, location: 2F 2-2: Ball 3-2: Strikes out swinging
|
| Bottom of the 9th over - 0 runs, 0 hits, 0 errors, 0 left on base; Durango 8 - Acapulco 0 |
|